 Dungeon Crawl Stone Soup version 0.29-a0-384-g6960b1960d (webtiles) character file.

Game seed: 3146564846517032762

30464 zishaf the Fighter (level 13, -3/74 HPs)
             Began as a Vine Stalker Brigand on May 6, 2022.
             Was a Follower of Uskayaw.
             Killed from afar by a red draconian (10 damage)
             ... with a searing blast
             ... in a volcano.
             The game lasted 00:42:21 (14841 turns).

zishaf the Fighter (Vine Stalker Brigand)          Turns: 14841, Time: 00:42:23

Health: -3/74      AC: 18    Str: 16    XL:     13   Next: 51%
Magic:  0/20       EV: 12    Int: 11    God:    Uskayaw [*.....]
Gold:   293        SH: 11    Dex: 19    Spells: 12/12 levels left

rFire   + . .      SeeInvis .   P - +4 scimitar
rCold   . . .      Faith    .   L - +0 kite shield
rNeg    . . .      Spirit   +   Z - +0 chain mail of the Stonemason {rPois rF+ Will+ Stlth-}
rPois   +          Reflect  .   K - +0 helmet
rElec   .          Harm     .   c - +1 cloak
rCorr   .          Rampage  .   j - +0 pair of gloves
Will    ++...                   (no boots)
Stlth   ..........              (no amulet)
HPRegen 1.02/turn               V - +4 ring of protection
MPRegen 0.17/turn               H - +4 ring of evasion

@: hasted, invisible, very quick
A: fangs 3, regeneration 1, magic shield, antimagic bite, no potion heal 2
a: Renounce Religion, Stomp


You were in a volcano.
You worshipped Uskayaw.
Uskayaw was aware of your devotion.
You visited 3 branches of the dungeon, and saw 16 of its levels.
You also visited: Volcano.

You collected 922 gold pieces.
You spent 629 gold pieces at shops.

Inventory:

Hand Weapons
 a - a +5 dagger of speed
 b - the +9 hunting sling "Ofabutos" {venom, *Corrode Dex+5}
   (You found it on level 2 of the Lair of Beasts)

   Any ammunition fired from it poisons the flesh of those it strikes.
   Dex:       It affects your dexterity (+5).
   *Corrode:  It may corrode you when you take damage.
 O - a +2 scimitar of holy wrath
 P - a +4 scimitar (weapon)
Missiles
 d - 54 poisoned darts
 e - 4 curare-tipped darts
 k - 13 javelins
 t - 9 throwing nets
 E - 7 atropa-tipped darts
 G - 12 boomerangs (quivered)
Armour
 c - a +1 cloak (worn)
 j - a +0 pair of gloves (worn)
 K - a +0 helmet (worn)
 L - a +0 kite shield (worn)
 Z - the +0 chain mail of the Stonemason (worn) {rPois rF+ Will+ Stlth-}
   (You bought it in a shop on level 12 of the Dungeon)

   rF:        It protects you from fire.
   rPois:     It protects you from poison.
   Will:      It increases your willpower.
   Stlth:     It makes you less stealthy.
Jewellery
 i - a ring of see invisible
 n - a ring of resist corrosion
 u - a ring of protection from cold
 w - a ring of protection from cold
 F - an amulet of regeneration
 H - a +4 ring of evasion (right hand)
 J - a ring of willpower
 V - a +4 ring of protection (left hand)
Wands
 x - a wand of digging (7)
 z - a wand of paralysis (2)
 C - a wand of flame (14)
 D - a wand of acid (10)
 T - a wand of charming (6)
Scrolls
 f - a scroll of immolation
 l - 2 scrolls of enchant armour
 o - 9 scrolls of teleportation
 s - 2 scrolls of silence
 y - a scroll of amnesia
 Q - a scroll of blinking
 R - a scroll of magic mapping
 U - 3 scrolls of identify
Potions
 h - a potion of flight
 m - 2 potions of brilliance
 p - 3 potions of might
 q - a potion of ambrosia
 r - 4 potions of invisibility
 v - 2 potions of attraction
 A - 2 potions of magic
 B - a potion of lignification
 I - a potion of mutation
 M - 7 potions of curing
 N - a potion of berserk rage
 Y - a potion of haste
Miscellaneous
 g - a tin of tremorstones (2/2)
 S - a condenser vane
 W - a phantom mirror


   Skills:
 + Level 11.0 Fighting
 - Level 10.0 Short Blades
 - Level 3.0 Throwing
 - Level 4.3 Armour
 - Level 6.5 Dodging
 - Level 8.0 Stealth
 + Level 6.5 Shields
 + Level 9.1 Invocations
 - Level 4.0 Evocations


You had 12 spell levels left.
You didn't know any spells.
Your spell library contained the following spells:

 Spells                   Type           Power      Damage    Failure   Level
 Animate Skeleton         Necr           0%         N/A       100%        1
 Apportation              Tloc           0%         N/A       100%        1
 Foxfire                  Conj/Fire      0%         2x1d4     100%        1
 Pain                     Necr           0%         1d4       100%        1
 Shock                    Conj/Air       0%         1d3       100%        1
 Sting                    Tmut/Pois      0%         1d3       100%        1
 Poisonous Vapours        Pois/Air       0%         N/A       100%        2
 Conjure Flame            Conj/Fire      0%         6-21      100%        3
 Dazzling Flash           Conj/Hex       0%         N/A       100%        3
 Ignite Poison            Fire/Tmut/Pois 0%         N/A       100%        3
 Inner Flame              Hex/Fire       0%         N/A       100%        3
 Swiftness                Air            0%         N/A       100%        3
 Vampiric Draining        Necr           0%         2d6       100%        3
 Airstrike                Air            0%         N/A       100%        4
 Animate Dead             Necr           0%         N/A       100%        4
 Flame Wave               Conj/Fire      0%         2d4       100%        4
 Olgreb's Toxic Radiance  Pois           0%         N/A       100%        4
 Sticky Flame             Conj/Fire      0%         2d3       100%        4
 Agony                    Necr           0%         N/A       100%        5
 Alistair's Intoxication  Tmut/Pois      0%         N/A       100%        5
 Borgnjor's Vile Clutch   Necr/Erth      0%         N/A       100%        5
 Silence                  Hex/Air        0%         N/A       100%        5
 Summon Forest            Summ/Tloc      0%         N/A       100%        5
 Summon Mana Viper        Hex/Summ       0%         N/A       100%        5
 Death Channel            Necr           0%         N/A       100%        6
 Summon Cactus Giant      Summ           0%         N/A       100%        6


Dungeon Overview and Level Annotations

Branches:
Dungeon (12/15)            Temple (1/1) D:7            Lair (3/6) D:8
  Snake (0/4) Lair:3          Orc (0/2) D:12        Volcano (1/1)
  Swamp: Lair:2-4    Shoals: Lair:2-4

Altars:
Ashenzari
Cheibriados
Dithmenos
Elyvilon
Fedhas
Gozag
Hepliaklqana
Kikubaaqudgha
Makhleb
Nemelex Xobeh
Okawaru
Qazlal
Ru
Sif Muna
Trog
Uskayaw
Vehumet
Wu Jian
Xom
Yredelemnul
Zin
The Shining One

Shops:
D:6 *   D:11 ((((   D:12 =?*[=

Portals:
Abyss: D:10

Annotations:
D:10 2 transporters, Urgle's ghost, journeyman GnFi
D:12 4 runed translucent doors


Innate Abilities, Weirdness & Mutations

You have razor-sharp teeth.
Your natural rate of healing is unusually fast.
When hurt, damage is shared between your health and your magic reserves.
Your bite disrupts and absorbs the magic of your enemies.
Potions cannot restore your health.


Message History

The centaur warrior kicks you.
The red draconian hits you but does no damage.
The centaur warrior misses you. You block the centaur warrior's attack.
You hit the red draconian but do no damage.
You bite the red draconian, but do no damage.
The red draconian is moderately wounded.
The red draconian hits you with a +2 great mace of flaming!
* * * LOW HITPOINT WARNING * * *
The centaur warrior hits you.
* * * LOW HITPOINT WARNING * * *
You block the centaur warrior's attack. The red draconian breathes fire at you.
The searing blast hits you but does no damage.
A yaktaur comes into view.
It is wielding a +2 arbalest of flaming.
A molten gargoyle comes into view. It is wielding a +2 vorpal flail.
The centaur warrior closely misses you. The centaur warrior barely misses you.
The centaur warrior hits you but does no damage.
You block the centaur warrior's attack. You block the red draconian's attack.
You can no longer pass through a line of other dancers.
Things that are here:
a +1 arbalest of flaming; a yaktaur corpse You feel yourself speed up.
The centaur warrior hits you.
* * * LOW HITPOINT WARNING * * *
You block the centaur warrior's attack.
The red draconian hits you with a +2 great mace of flaming!
* * * LOW HITPOINT WARNING * * *
The red draconian burns you.
* * * LOW HITPOINT WARNING * * *
Okay, then.
You fade into invisibility!
The centaur warrior hits you.
* * * LOW HITPOINT WARNING * * *
The centaur warrior barely misses you.
You completely miss the red draconian. You bite the red draconian.
You drain its power.
You feel invigorated.
The red draconian is moderately wounded.
The centaur warrior barely misses you. You block the centaur warrior's attack.
The red draconian breathes fire at you. The searing blast hits you! You resist.
You die...

#"c8.....# ###
#$.#..⌠).# ##.####
#$[##...## ####...... #+
####'## ####.....≈.§≈
.#...###8......≈≈≈§≈
'.∩.'........≈≈≈≈§≈
#9c.###8....§§≈≈≈≈≈ ##
###c## ###..≈§§§≈≈§§
#$)##.○@## #...≈≈§≈≈≈§≈
#$.#..d..# ##...≈≈≈≈§§§≈
#?[8.....###...≈≈≈≈≈≈§§§
#.##.....#...≈≈≈§§§≈≈§≈≈
# #..8..#...≈≈§§§≈§≈§§≈
##...###...≈≈≈§§§≈§≈≈
##### ##...§§≈§≈≈§§≈
##...≈≈≈≈≈≈§§
##....≈≈≈≈§§


You could see a red draconian (can't see you, catching breath), a centaur
warrior (can't see you), a yaktaur (can't see you) and a molten gargoyle (can't
see you).

Vanquished Creatures
  3 boulder beetles
  Harold (D:11)
  A two-headed ogre (D:12)
  3 hydras
  Erica (D:11)
  A catoblepas (Lair:1)
  Amaemon (Lair:2)
  A deep elf pyromancer (D:12)
  2 manticores (D:12)
  2 ugly things (D:12)
  3 elephants (Lair:3)
  An orange demon (Lair:2)
  4 cane toads
  A gargoyle (D:12)
  A rime drake (Lair:2)
  3 unseen horrors (D:12)
  3 kobold demonologists (D:12)
  Psyche (D:8)
  5 komodo dragons
  2 yaktaurs (Volcano)
  4 trolls
  4 snapping turtles (D:12)
  2 shadows
  A centaur simulacrum (D:12)
  3 wraiths
  Sigmund (D:3)
  A vampire (D:12)
  4 water elementals
  25 yaks
  5 basilisks
  5 fire bats (Volcano)
  3 wyverns
  A steam dragon (D:7)
  Menkaure (D:4)
  Duvessa (D:4)
  2 acid dragons
  6 water moccasins
  2 hell hounds (Lair:3)
  An ice beast (D:5)
  2 sky beasts (D:6)
  2 black bears
  2 orc warriors
  An ogre (D:5)
  5 centaurs
  7 kobold brigands
  2 phantoms
  Blork the orc (D:5)
  9 bullfrogs
  A wyvern zombie (D:8)
  8 necrophages
  A gnoll sergeant (D:11)
  3 scorpions
  6 wights
  Dowan (D:4)
  6 electric eels
  7 howler monkeys
  6 lava snakes (Volcano)
  5 orc priests
  A centaur zombie (D:8)
  A gnoll shaman (D:5)
  2 hounds (D:6)
  A jelly (D:3)
  3 iguanas
  14 orc wizards
  A mummy (D:8)
  18 gnolls
  4 adders
  4 white imps
  A worm (D:3)
  5 dart slugs
  31 orcs
  6 endoplasms
  3 giant cockroaches
  5 goblins
  7 hobgoblins
  7 jackals
  2 quokkas
  3 ball pythons
  8 bats
  5 frilled lizards
  37 kobolds
  7 rats
  A butterfly (Lair:1)
364 creatures vanquished.

Vanquished Creatures (others)
  A gnoll shaman (D:7)
  A white imp (D:7)
  A bat (D:12)
  A fungus (Lair:2)
  3 plants (D:12)
  2 withered plants (D:8)
9 creatures vanquished.

Grand Total: 373 creatures vanquished

Notes
Turn   | Place    | Note
-------+----------+-------------------------------------------
     0 | D:1      | zishaf the Vine Stalker Brigand began the quest for the
                  | Orb.
     0 | D:1      | Reached XP level 1. HP: 11/11 MP: 2/2
   137 | D:1      | Reached skill level 2 in Fighting
   137 | D:1      | Reached skill level 5 in Stealth
   137 | D:1      | Reached XP level 2. HP: 8/15 MP: 1/3
   371 | D:1      | Found a faded altar of an unknown god.
   968 | D:1      | Reached XP level 3. HP: 17/17 MP: 4/4
  2187 | D:3      | Gained mutation: Your natural rate of healing is unusually
                  | fast. [Vine Stalker growth]
  2187 | D:3      | Reached XP level 4. HP: 23/23 MP: 3/5
  2522 | D:3      | Noticed Sigmund
  2527 | D:3      | Killed Sigmund
  2528 | D:3      | Reached skill level 3 in Fighting
  2528 | D:3      | Reached XP level 5. HP: 28/28 MP: 6/6
  2528 | D:3      | Reached XP level 6. HP: 32/32 MP: 7/7
  2561 | D:3      | Found a shadowy altar of Dithmenos.
  3059 | D:4      | Noticed Dowan
  3253 | D:4      | Noticed Menkaure
  3260 | D:4      | Killed Menkaure
  3261 | D:4      | Reached skill level 4 in Fighting
  3332 | D:4      | Reached XP level 7. HP: 22/37 MP: 8/8
  3755 | D:4      | Reached skill level 1 in Dodging
  4028 | D:4      | Found a glowing silver altar of Zin.
  4028 | D:4      | Found a sacrificial altar of Ru.
  4257 | D:4      | Found a glowing silver altar of Zin.
  4257 | D:4      | Found a sacrificial altar of Ru.
  4663 | D:4      | Noticed Duvessa
  4682 | D:4      | Killed Duvessa
  4683 | D:4      | Reached skill level 5 in Fighting
  4712 | D:4      | Killed Dowan
  4713 | D:4      | Gained mutation: You have razor-sharp teeth. [Vine Stalker
                  | growth]
  4713 | D:4      | Reached XP level 8. HP: 28/43 MP: 6/9
  4930 | D:5      | Entered Level 5 of the Dungeon
  4930 | D:5      | Noticed a wyvern
  4932 | D:5      | Killed a wyvern
  4933 | D:5      | Reached skill level 5 in Short Blades
  5305 | D:5      | Noticed Blork the orc
  5311 | D:5      | Killed Blork the orc
  5466 | D:5      | Reached skill level 6 in Fighting
  5466 | D:5      | Reached skill level 1 in Evocations
  5540 | D:6      | Reached XP level 9. HP: 48/48 MP: 10/10
  5691 | D:6      | Found Cudow's Assorted Antiques.
  5698 | D:6      | Bought a pair of glowing gloves for 157 gold pieces
  6104 | D:6      | Identified the +1 spear of Light {vorpal, +Blink rC- rN+
                  | rCorr}
  6766 | D:7      | Found a staircase to the Ecumenical Temple.
  6772 | Temple   | Entered the Ecumenical Temple
  6901 | Temple   | Became a worshipper of Uskayaw the Reveller
  7189 | D:7      | Reached * piety under Uskayaw
  7190 | D:7      | Reached skill level 7 in Fighting
  7271 | D:8      | Reached ** piety under Uskayaw
  7331 | D:8      | Reached *** piety under Uskayaw
  7332 | D:8      | Reached skill level 1 in Invocations
  7336 | D:8      | Reached **** piety under Uskayaw
  7349 | D:8      | Reached skill level 5 in Dodging
  7353 | D:8      | Reached ***** piety under Uskayaw
  7358 | D:8      | Reached XP level 10. HP: 55/55 MP: 12/12
  7465 | D:8      | Noticed Psyche
  7480 | D:8      | Killed Psyche
  7541 | D:8      | Found a glowing golden altar of the Shining One.
  7718 | D:8      | Reached ****** piety under Uskayaw
  8101 | D:8      | Reached skill level 8 in Fighting
  8234 | D:8      | Found a staircase to the Lair.
  8458 | D:9      | Found a blossoming altar of Fedhas.
  8561 | D:9      | Reached XP level 11. HP: 60/60 MP: 15/15
  9054 | D:9      | Reached skill level 5 in Invocations
  9128 | D:10     | Entered Level 10 of the Dungeon
  9423 | D:10     | Found a transporter.
  9450 | D:10     | Found a one-way gate to the infinite horrors of the Abyss.
  9450 | D:10     | Noticed Urgle's ghost (journeyman GnFi)
  9469 | D:10     | Found a transporter.
  9480 | D:10     | Noticed a thrashing horror
  9529 | D:10     | Reached skill level 1 in Armour
  9719 | D:11     | Noticed Erica
  9729 | D:11     | Killed Erica
  9739 | D:11     | Found Ofofaled's Antique Weapon Shop.
  9742 | D:11     | Found Qirahef's Antique Weapon Shoppe.
  9814 | D:11     | Found Wahi's Weapon Boutique.
  9815 | D:11     | Noticed a five-headed hydra
  9824 | D:11     | Killed a five-headed hydra
  9825 | D:11     | Reached skill level 1 in Shields
  9977 | D:11     | Noticed Harold
  9986 | D:11     | Killed Harold
  9987 | D:11     | Reached skill level 9 in Fighting
  9997 | D:11     | Noticed a boulder beetle
 10293 | D:11     | Found Hatiotim's Weapon Shop.
 10497 | D:11     | Killed a boulder beetle
 10592 | D:12     | Noticed a boulder beetle
 10595 | D:12     | Killed a boulder beetle
 10596 | D:12     | Reached XP level 12. HP: 66/66 MP: 17/17
 10681 | D:12     | Noticed a two-headed ogre
 10687 | D:12     | Killed a two-headed ogre
 10729 | D:12     | Found a staircase to the Orcish Mines.
 10779 | D:12     | Found a large runed translucent door.
 10780 | D:12     | Found a large runed translucent door.
 10781 | D:12     | Found a large runed translucent door.
 10781 | D:12     | Found a large runed translucent door.
 10793 | D:12     | Found Noex's Magic Scroll Shop.
 10799 | D:12     | Found Baeru's Assorted Antiques.
 10800 | D:12     | Found Hetyxting's Antique Armour Shop.
 10813 | D:12     | Found Boxig's Jewellery Shop.
 10865 | D:12     | Noticed a boulder beetle
 10872 | D:12     | Killed a boulder beetle
 11353 | D:12     | Found Zoovaecy's Jewellery Boutique.
 12185 | D:12     | Reached skill level 10 in Fighting
 12240 | D:12     | Bought a faintly glowing chain mail for 304 gold pieces
 12240 | D:12     | Identified the +0 chain mail of the Stonemason {rPois rF+
                  | Will+ Stlth-} (You bought it in a shop on level 12 of the
                  | Dungeon)
 12405 | Lair:1   | Entered Level 1 of the Lair of Beasts
 12578 | Lair:1   | You fall into a shaft and drop 1 floor!
 12599 | Lair:2   | Reached skill level 10 in Short Blades
 12836 | Lair:2   | Reached skill level 5 in Shields
 12836 | Lair:2   | Reached XP level 13. HP: 64/72 MP: 19/19
 13226 | Lair:2   | Identified the +9 hunting sling "Ofabutos" {venom, *Corrode
                  | Dex+5}
 13924 | D:6      | Bought a crystal falchion for 168 gold pieces
 13924 | D:6      | Identified the +1 falchion "Masm" {vorpal, rC+} (You bought
                  | it in a shop on level 6 of the Dungeon)
 14334 | Lair:2   | Noticed Amaemon
 14348 | Lair:2   | Killed Amaemon
 14501 | Lair:3   | Found a dark tunnel.
 14536 | Volcano  | Entered a volcano
 14802 | Volcano  | Noticed a red draconian
 14811 | Volcano  | Reached skill level 11 in Fighting
 14841 | Volcano  | Killed from afar by a red draconian

Illustrated notes

Levels and vault maps discovered:
D:1:      elethiomel_arrival_shortcut, layout_basic,
          ebering_ecumenical_altar_rust, minmay_heptomino_l4
D:2:      layout_loops_ring
D:3:      layout_loops_corners, mainiacjoe_overflow_paths,
          kennysheep_generic_room_7, uniq_sigmund
D:4:      layout_gridville, amethyst_overflow_temple_binary, uniq_menkaure,
          uniq_duvessa
D:5:      layout_gridville, uniq_blork_the_orc
D:6:      layout_cave_pods, serial_shops, nicolae_stop_n_shop_1,
          grunt_ministairs_8
D:7:      layout_basic, minmay_temple_entry_statues_pillars,
          dreamdust_gnoll_shepherd
D:8:      layout_basic, tso_metal_star, erik_lair_dragon, serial_undead,
          serial_undead_a, serial_undead_c, serial_undead_f, serial_undead_d,
          serial_undead_c, serial_undead_b, serial_undead_d, uniq_psyche
D:9:      layout_loops_cross, mainiacjoe_overflow_alcove_1
D:10:     layout_rooms, gammafunk_ghost_abyssal_escape
D:11:     layout_basic, serial_shops, nicolae_square_shop,
          nicolae_shop_hallway_plus, nicolae_shop_advertising_works
          [nicolae_subvault_shop_adworks], nicolae_shop_bloodbath_and_beyond,
          minivault_4, uniq_erica, uniq_harold
D:12:     wad_bat_island, layout_basic, serial_shops, shop,
          minmay_shop_grid_forest, minmay_hollow_rounded_squares
Temple:   minmay_crystal_spiral_temple
Lair:1:   layout_big_grid, grunt_megastairs_5, lemuel_fruit_fields
Lair:2:   layout_chaotic_city, amcnicky_mini_pool_medium, uniq_amaemon
Lair:3:   layout_gridlike, minmay_snake_entry_guardpost_medium, enter_volcano_3,
          grunt_megastairs_4
Volcano:  volcano_grotto [vgs_many_chambers]

Skill      XL: |  1  2  3  4  5  6  7  8  9 10 11 12 13 |
---------------+----------------------------------------+-----
Fighting       | 2 3 4 5 6 7 8 9 10 11 | 11.0
Short Blades   | 2 3 4 6 7 8 9 10 | 10.0
Throwing       | 2 3 |  3.0
Stealth        | 5 6 7 8 |  8.0
Dodging        | 2 3 5 6 |  6.5
Evocations     | 1 3 4 |  4.0
Invocations    | 1 4 6 7 9 |  9.1
Armour         | 2 4 |  4.3
Shields        | 2 5 6 |  6.5

Action                   |  1- 3 |  4- 6 |  7- 9 | 10-12 | 13-15 || total
-------------------------+-------+-------+-------+-------+-------++-------
Melee: Dagger            |   109 |    63 |   444 |   948 |   241 ||  1805
       Bite              |    21 |    14 |   157 |   419 |   127 ||   738
       Punch             |     1 |     1 |     3 |       |       ||     5
       Scimitar          |       |       |       |       |    29 ||    29
 Fire: Hunting sling     |    12 |       |       |       |    15 ||    27
Throw: Javelin           |       |     4 |     4 |     2 |       ||    10
       Dart              |       |     1 |     4 |       |       ||     5
       Boomerang         |       |       |       |     6 |     2 ||     8
Evoke: Wand              |       |       |     3 |    13 |       ||    16
  Use: Scroll            |       |    10 |     6 |    14 |     1 ||    31
       Potion            |       |       |       |     1 |     3 ||     4
 Stab: Sleeping          |     7 |     4 |    10 |    14 |       ||    35
       Paralysed         |       |       |     2 |    37 |    10 ||    49
       Distracted        |       |       |       |     1 |       ||     1
Armor: Robe              |    14 |       |       |       |       ||    14
       Ring mail         |     5 |     9 |       |       |       ||    14
       Leather armour    |       |       |    61 |    20 |       ||    81
       Acid dragon scale |       |       |       |    14 |       ||    14
       Troll leather arm |       |       |       |    58 |       ||    58
       Chain mail        |       |       |       |     6 |    80 ||    86
Dodge: Dodged            |    56 |    17 |   178 |   315 |   121 ||   687
Block: Buckler           |       |       |    25 |   110 |     7 ||   142
       Kite shield       |       |       |       |       |    98 ||    98

Table legend: (Time is in decaauts)
 A = Elapsed time spent in this place.
 B = Non-inter-level travel time spent in this place.
 C = Inter-level travel time spent in this place.
 D = Time resting spent in this place.
 E = Time spent auto-exploring this place.
 F = Levels seen in this place.
 G = Mean time per level.
                   A        B        C        D        E       F      G
               +--------+--------+--------+--------+--------+-----+--------+
         Total |  14007 |  12965 |   1042 |    251 |   9223 |  17 |  823.9 |
       Dungeon |  11775 |  10897 |    878 |    171 |   8067 |  12 |  981.2 |
        Temple |    214 |    129 |     85 |      0 |    112 |   1 |  214.0 |
          Lair |   1743 |   1664 |     79 |     32 |   1044 |   3 |  581.0 |
       Volcano |    273 |    273 |      0 |     48 |      0 |   1 |  273.0 |
               +--------+--------+--------+--------+--------+-----+--------+

Top non-repeatable levels by time:
     D:4: 1861 daAuts
    D:12: 1615 daAuts
     D:1: 1392 daAuts
     D:8: 1234 daAuts
     D:3: 914 daAuts
  Lair:2: 912 daAuts
     D:6: 870 daAuts
    D:11: 869 daAuts
  Lair:1: 752 daAuts
     D:7: 724 daAuts
     D:9: 712 daAuts
     D:2: 651 daAuts
     D:5: 474 daAuts
    D:10: 453 daAuts
 Volcano: 273 daAuts
